 Dungeon Crawl Stone Soup version 0.30-a0-737-gf23d94013f (webtiles) character file.

Game seed: 3189821568653610339

8770 kae the Transmogrifier (level 11, -5/92 HPs)
             Began as a Grey Draconian Transmuter on Feb 1, 2023.
             Was a High Priest of Cheibriados.
             Slain by an orc
             ... wielding a +1 dagger of electrocution
              (20 damage)
             ... on level 10 of the Dungeon.
             The game lasted 00:09:54 (10985 turns).

kae the Transmogrifier (Grey Draconian Transmuter) Turns: 10985, Time: 00:09:55

Health: -5/92      AC: 11    Str: 32    XL:     11   Next: 14%
Magic:  19/21      EV: 10    Int: 26    God:    Cheibriados [*****.]
Gold:   453        SH:  0    Dex: 23    Spells: 14/24 levels left

rFire   x . .      SeeInvis +      - Unarmed
rCold   + + +      Faith    .    (shield currently unavailable)
rNeg    . . .      Spirit   .    (body armour unavailable)
rPois   +          Reflect  .    (helmet currently unavailable)
rElec   .          Harm     .    (cloak currently unavailable)
rCorr   .          Rampage  .    (gloves currently unavailable)
Will    .....                    (boots currently unavailable)
Stlth   ++                       (no amulet)
HPRegen 0.35/turn                v - ring of see invisible
MPRegen 0.17/turn                S - +6 ring of strength

@: ice-form, very slow
A: freezing attack, boosted hp, AC +12, amphibious, large, unfitting armour,
(cold-blooded)
a: End Transformation, Renounce Religion, Bend Time, Temporal Distortion,
Slouch, Step From Time


You were on level 10 of the Dungeon.
You worshipped Cheibriados.
Cheibriados was extremely pleased with you.
You were a creature of crystalline ice.
You visited 2 branches of the dungeon, and saw 11 of its levels.

You collected 453 gold pieces.


Innate Abilities, Weirdness & Mutations

You are a creature of crystalline ice.
You have a powerful freezing melee attack.
Your maximum health is increased.
Your armour is entirely melded.
You are incapable of wielding weapons or throwing items.
((Your dull iron-grey scales are very hard. (AC +12)))
You are amphibious.
You cannot fit into any form of body armour.
((You are cold-blooded and may be slowed by cold attacks.))


   Skills:
 - Level 1.1 Fighting
 - Level 1.7 Dodging
 + Level 8.1 Unarmed Combat
 + Level 7.1 Spellcasting
 * Level 10.9 Transmutations
 - Level 7.3 Ice Magic
 - Level 2.0 Poison Magic
 + Level 4.5 Invocations


You had 14 spell levels left.
You knew the following spells:

 Your Spells              Type           Power      Damage    Failure   Level
a - Beastly Appendage     Tmut           100%       N/A       1%          1
b - Wereblood             Tmut           60%        N/A       1%          2
c - Spider Form           Tmut/Pois      42%        N/A       1%          3
d - Ice Form              Ice/Tmut       54%        N/A       1%          4

Your spell library contained the following spells:

 Spells                   Type           Power      Damage    Failure   Level
 Summon Small Mammal      Summ           36%        N/A       6%          1
 Lesser Beckoning         Tloc           18%        N/A       10%         2
 Call Canine Familiar     Summ           9%         N/A       19%         3
 Gell's Gravitas          Tloc           9%         N/A       19%         3
 Inner Flame              Hex/Fire       9%         N/A       19%         3
 Kindle Blastsparks       Fire/Tloc/Air  18%        2d11      19%         3
 Portal Projectile        Hex/Tloc       18%        N/A       19%         3
 Summon Guardian Golem    Hex/Summ       9%         N/A       19%         3
 Teleport Other           Tloc           9%         N/A       19%         3
 Cause Fear               Hex            4%         N/A       52%         4
 Fulminant Prism          Conj/Hex       4%         3d5       52%         4
 Iskenderun's Mystic Bla  Conj/Tloc      9%         2d4       52%         4
 Leda's Liquefaction      Hex/Erth       4%         N/A       52%         4
 Lee's Rapid Deconstruct  Erth           4%         3d5*      86%         5
 Discord                  Hex            4%         N/A       100%        8

Inventory:

Missiles
 b - 7 curare-tipped darts {=f}
 h - 34 stones
 i - 10 poisoned darts
 t - 4 throwing nets {=f!f}
 F - 4 silver boomerangs
 G - 4 boomerangs
 J - 2 boomerangs of dispersal {=f!f}
Armour
 n - a +0 cloak (melded)
   (You took it off Crazy Yiuf on level 2 of the Dungeon)
Magical Staves
 f - a staff of conjuration {!a}
   (You found it on level 1 of the Dungeon)
Jewellery
 v - a ring of see invisible (left front paw)
   (You found it on level 4 of the Dungeon)
 S - a +6 ring of strength (right front paw)
   (You found it on level 7 of the Dungeon)
 T - an amulet of faith {!P}
   (You found it on level 2 of the Dungeon)
Wands
 y - a wand of flame (18)
   (You took it off a centaur on level 5 of the Dungeon)
 D - a wand of roots (5)
   (You took it off Blork the orc on level 6 of the Dungeon)
Scrolls
 d - 3 scrolls of fear
 e - a scroll of poison {!r}
 g - 2 scrolls of vulnerability {!r!r}
 k - 2 scrolls of immolation {!r!r}
 l - 2 scrolls of fog
 q - 3 scrolls of teleportation {@r4}
 r - a scroll of magic mapping {!r}
 s - 4 scrolls of amnesia
 x - a scroll of blinking {!r}
 B - a scroll of enchant armour
 C - a scroll of summoning
Potions
 a - a potion of lignification {!q}
 c - a potion of invisibility {unknown}
 j - 6 potions of curing {@q1}
 m - a potion of might
 o - 4 potions of flight
 p - 3 potions of attraction {!q}
 u - 2 potions of magic
 w - 2 potions of berserk rage {!q}
 z - 2 potions of haste {forbidden@q3}
 A - 2 potions of brilliance
 E - a potion of heal wounds {unknown}
 H - a potion of degeneration {unknown}
 I - 3 potions of mutation {unknown}

Dungeon Overview and Level Annotations

Branches:
Dungeon (10/15) Zot: 39787  Temple (1/1) D:5 Zot: 8871
   Lair: D:8-11         Orc: D:9-12

Altars:
Ashenzari
Cheibriados
Dithmenos
Elyvilon
Fedhas
Gozag
Hepliaklqana
Kikubaaqudgha
Makhleb
Nemelex Xobeh
Okawaru
Qazlal
Ru
Sif Muna
Trog
Uskayaw
Vehumet
Wu Jian
Xom
Zin
The Shining One

Shops:
D:6

( ###.######
#......### #.......
#..# ##.##### ######+#
##.# #.# #.# .# #.#
#.# +# ###.#### #.#
####......###
#######÷#
...........###........
#.oo...#............
#.oY)..# ###........
#......## #........
#####...####........
###.#...P..#####.#
#...#..P§#...##..#
#.##.....PP..##.##
#.##...PP#P.##..#
##'.P..#P§§#§..'###
#...P.PP.§P.P......


You could see an orc wizard (invisible) and 2 orcs.


Message History

You howl as the wereblood boils in your veins!
Unknown command.
You howl as the wereblood boils in your veins!
Your primal bloodlust is almost over.
Your primal bloodlust has ended.
Your transformation is almost over.
You warm up again.
Your +0 cloak unmelds from your body.
Key pressed, stopping explore.
Key pressed, stopping explore.
Key pressed, stopping explore.
Unknown command. 😕 HP[+43] MP[+1]
You now have 77 max hp (-15).
You regained 43 hp, and now have 64/77 hp.
Your mp is fully restored (21).
Things that are here:
a yak corpse; a yak corpse; a yak corpse Key pressed, stopping explore.
Found a stone staircase leading up. 😎 HP[+13]
Your hp is fully restored (77).
z - 2 potions of haste {forbidden@q3} (gained 1)
You now have 453 gold pieces (gained 21).
You open the door.
There is an open door here.
An orc comes into view. It is wielding a +0 dagger.
An orc is nearby!
An orc is nearby!
An orc is nearby!
Casting: Wereblood (safe; 1% risk of failure)
Confirm with . or Enter, or press ? or * to list all spells.
You turn into a creature of crystalline ice.
Your +0 cloak melds into your body.
The orc shouts!
You hear a shout! x3 😎 HP[+15] MP[-4]
You now have 92 max hp (+15).
Your hp is fully restored (92).
You lost 4 mp, and now have 17/21 mp.
No target in view!
No target in view!
An orc warrior and an orc come into view.
The orc warrior shouts!
The orc shouts!
An orc wizard comes into view. It is wielding a +1 dagger of speed.
The orc hits you but does no damage.
You pummel the orc!! You freeze the orc.
You kill the orc!
Cheibriados thoroughly appreciates the change of pace.
An orc comes into view.
It is wielding a +1 dagger of electrocution.
The orc warrior closely misses you. 😎 MP[+1]
There are monsters nearby!
The orc warrior completely misses you. The orc warrior closely misses you.
The orc wizard barely misses you.
You pummel the orc warrior!! You freeze the orc warrior!
You kill the orc warrior!
Cheibriados appreciates the change of pace.
The orc wizard hits you but does no damage.
The orc barely misses you.
There are monsters nearby!
You hit the orc wizard but do no damage.
The orc wizard hits you but does no damage.
You barely miss the orc wizard.
The orc wizard hits you but does no damage.
The orc barely misses you. The orc closely misses you.
The orc wizard hits you but does no damage.
There are monsters nearby!
You hit the orc wizard but do no damage.
The orc barely misses you.
The orc hits you with a +1 dagger of electrocution.
You are electrocuted!
The orc wizard mumbles some strange words.
The orc wizard flickers and vanishes for a moment.
You closely miss the orc wizard. The orc hits you with a +0 flail.
The orc hits you with a +1 dagger of electrocution.
You are electrocuted!!
There are monsters nearby! 😮 HP[-44] MP[+1]
You take 44 damage, and now have 48/92 hp.
MASSIVE DAMAGE!! (PAUSE)
You barely miss the orc.
The orc wizard hits you but does no damage.
The orc wizard points at you and mumbles some strange words.
The puff of flame hits you! The fire burns you terribly!
* * * LOW HITPOINT WARNING * * *
The orc hits you with a +1 dagger of electrocution.
* * * LOW HITPOINT WARNING * * *
You are electrocuted!
* * * LOW HITPOINT WARNING * * *
The orc closely misses you.
You barely miss the orc.
The orc wizard hits you but does no damage. 😱 HP[-29]
You take 29 damage, and now have 19/92 hp.
MASSIVE DAMAGE!! (PAUSE)
You hit the orc wizard. You freeze the orc wizard.
The orc hits you with a +0 flail.
* * * LOW HITPOINT WARNING * * *
The orc hits you but does no damage.
You are electrocuted!!
You die...

Skill      XL: |  1  2  3  4  5  6  7  8  9 10 11 |
---------------+----------------------------------+-----
Transmutations | 3 4 5 6 7 9 10 | 10.9
Poison Magic   | 1 2 |  2.0
Unarmed Combat | 4 5 6 8 |  8.1
Spellcasting   | 3 4 5 6 7 |  7.1
Ice Magic      | 1 3 5 7 |  7.3
Invocations    | 4 |  4.5
Fighting       | |  1.1
Dodging        | |  1.7

Action                     |  1- 3 |  4- 6 |  7- 9 | 10-12 || total
---------------------------+-------+-------+-------+-------++-------
  Melee: Unarmed           |    73 |   100 |   317 |   165 ||   655
         Headbutt          |     7 |     6 |       |       ||    13
         Kick              |    18 |     6 |     3 |       ||    27
         Punch             |     1 |     1 |       |       ||     2
         Tailslap          |     4 |     3 |     3 |       ||    10
   Cast: Beastly Appendage |    21 |    12 |     1 |       ||    34
         Spider Form       |       |     7 |    15 |       ||    22
         Wereblood         |       |     1 |    11 |     8 ||    20
         Ice Form          |       |       |    31 |    17 ||    48
  Evoke: Wand              |       |       |     3 |       ||     3
    Use: Scroll            |     4 |     8 |    10 |       ||    22
         Potion            |       |       |       |     1 ||     1
   Stab: Sleeping          |     1 |       |       |       ||     1
 Armour: Skin              |    25 |    35 |   131 |    72 ||   263
  Dodge: Dodged            |    45 |    79 |   198 |    81 ||   403

Levels and vault maps discovered:
D:1:      minmay_arrival_arboretum_small, layout_loops_corners
D:2:      layout_basic, uniq_crazy_yiuf_cottage
D:3:      layout_basic, st_stairs_1, minmay_fountain_box,
          minmay_tree_intersection, uniq_grinder, uniq_jessica
D:4:      layout_basic, fedhas_altar_fruit_tree, minmay_unequal
D:5:      layout_loops_cross, mainiacjoe_overflow_concentric_impassable,
          minmay_temple_entry_drinking_statues
D:6:      layout_cave_pools, serial_shops, nicolae_shop_bloodbath_and_beyond,
          st_stairs_7, uniq_blork_the_orc
D:7:      layout_basic
D:8:      layout_loops_cross, nicolae_gozag_cash_rules_everything_around_me,
          mainiacjoe_overflow_big_doors, special_room [special_room_orc],
          serial_ice, serial_ice_o, serial_ice_i, serial_ice_g, serial_ice_d
D:9:      layout_basic, uniq_psyche
D:10:     layout_roguey [special_room_orc], kennysheep_mini,
          nicolae_hepliaklqana_hazy_memory, minmay_misc_feat_ornament,
          chequers_serial_rivers_micro_c
Temple:   eino_wide_crystal_templ

Notes
Turn   | Place    | Note
-------+----------+-------------------------------------------
     0 | D:1      | kae the Draconian Transmuter began the quest for the Orb.
     0 | D:1      | Reached XP level 1. HP: 16/16 MP: 3/3
     0 | D:1      | magus.rc [v1.11.3]
   342 | D:1      | You pick up a book of Callings and begin reading...
   342 | D:1      | You add the spells Summon Small Mammal, Call Canine
                  | Familiar and Summon Guardian Golem to your library.
   402 | D:1      | You pick up a book of Hexes and begin reading...
   402 | D:1      | You add the spells Inner Flame, Cause Fear and Discord to
                  | your library.
   481 | D:1      | Reached XP level 2. HP: 23/23 MP: 3/5
   520 | D:1      | Learned a level 2 spell: Wereblood
   982 | D:2      | Reached XP level 3. HP: 15/28 MP: 4/6
   986 | D:2      | Learned a level 3 spell: Spider Form
  1129 | D:2      | Reached skill level 3 in Transmutations
  1993 | D:2      | Found a runed translucent door.
  1994 | D:2      | Noticed Crazy Yiuf
  2011 | D:2      | Reached XP level 4. HP: 35/35 MP: 5/7
  2077 | D:2      | Killed Crazy Yiuf
  2078 | D:2      | Reached skill level 1 in Poison Magic
  2170 | D:3      | You pick up a book of the Hunter and begin reading...
  2170 | D:3      | You add the spells Portal Projectile and Leda's
                  | Liquefaction to your library.
  2936 | D:3      | Noticed Jessica
  2940 | D:3      | Killed Jessica
  2940 | D:3      | Noticed Grinder
  2941 | D:3      | Reached XP level 5. HP: 37/40 MP: 5/9
  2949 | D:3      | Paralysed by Grinder for 2 turns
  2951 | D:3      | Killed Grinder
  2952 | D:3      | Reached skill level 4 in Unarmed Combat
  2952 | D:3      | Reached skill level 3 in Spellcasting
  2952 | D:3      | Reached skill level 4 in Transmutations
  2952 | D:3      | Reached skill level 2 in Poison Magic
  2952 | D:3      | Reached XP level 6. HP: 35/47 MP: 6/10
  3051 | D:3      | Learned a level 4 spell: Ice Form
  3307 | D:4      | Reached skill level 1 in Ice Magic
  3448 | D:4      | Reached skill level 5 in Transmutations
  3461 | D:4      | Your scales start taking on a dull iron-grey colour.
  3461 | D:4      | Reached XP level 7. HP: 29/52 MP: 3/12
  3462 | D:4      | HP: 12/52 [something/magic dart (7)]
  3468 | D:4      | HP: 11/52 [orc/+0 falchion (5)]
  3805 | D:4      | Reached skill level 2 in Ice Magic
  4326 | D:4      | Found a blossoming altar of Fedhas.
  4515 | D:4      | You pick up a book of Displacement and begin reading...
  4515 | D:4      | You add the spells Lesser Beckoning, Gell's Gravitas and
                  | Teleport Other to your library.
  4682 | D:5      | Entered Level 5 of the Dungeon
  4693 | D:4      | HP: 13/52 [poisoned by an orc wizard]
  4697 | D:4      | Reached skill level 3 in Ice Magic
  4697 | D:4      | HP: 6/52 [poisoned by an orc wizard]
  5001 | D:5      | Noticed a wyvern
  5165 | D:5      | Reached skill level 5 in Unarmed Combat
  5165 | D:5      | Reached skill level 4 in Spellcasting
  5165 | D:5      | Reached skill level 6 in Transmutations
  5339 | D:5      | Reached XP level 8. HP: 59/59 MP: 10/14
  5499 | D:5      | Found a staircase to the Ecumenical Temple.
  5522 | Temple   | Entered the Ecumenical Temple
  5598 | Temple   | Became a worshipper of Cheibriados the Contemplative
  5663 | D:5      | Reached skill level 4 in Ice Magic
  5692 | D:5      | Found an ancient bone altar of Kikubaaqudgha.
  6305 | D:6      | Reached skill level 7 in Transmutations
  6314 | D:6      | Noticed Blork the orc
  6327 | D:6      | Killed Blork the orc
  6381 | D:6      | Reached skill level 5 in Ice Magic
  6506 | D:6      | Found Ceno's Weapon Shop.
  6582 | D:6      | Reached * piety under Cheibriados
  6797 | D:6      | Reached XP level 9. HP: 62/64 MP: 4/16
  6962 | D:7      | Reached skill level 5 in Spellcasting
  7190 | D:7      | Reached skill level 6 in Unarmed Combat
  7309 | D:7      | You pick up a book of Blasting and begin reading...
  7309 | D:7      | You add the spells Kindle Blastsparks, Fulminant Prism,
                  | Iskenderun's Mystic Blast and Lee's Rapid Deconstruction to
                  | your library.
  7660 | D:7      | Identified the +5 dagger "Capsehyrph" {freeze, rC++}
  7833 | D:8      | Reached skill level 6 in Ice Magic
  7847 | D:7      | Reached skill level 8 in Transmutations
  7859 | D:7      | Reached ** piety under Cheibriados
  8447 | D:8      | Noticed a polar bear
  8454 | D:8      | Killed a polar bear
  8455 | D:8      | Reached skill level 7 in Ice Magic
  8472 | D:8      | Reached *** piety under Cheibriados
  8501 | D:8      | Noticed a polar bear
  8518 | D:8      | Killed a polar bear
  8519 | D:8      | Reached skill level 9 in Transmutations
  8519 | D:8      | Reached XP level 10. HP: 60/71 MP: 18/18
  8688 | D:8      | Found a radiant altar of Vehumet.
  8755 | D:8      | Found a sacrificial altar of Ru.
  8849 | D:8      | Reached skill level 1 in Invocations
  8860 | D:8      | Reached skill level 7 in Unarmed Combat
  8860 | D:8      | Reached skill level 6 in Spellcasting
  8874 | D:8      | Reached skill level 2 in Invocations
  8890 | D:8      | HP: 20/85 [yak (9)]
  8891 | D:8      | HP: 7/85 [yak (13)]
  9080 | D:8      | Reached **** piety under Cheibriados
  9225 | D:8      | Reached skill level 3 in Invocations
  9359 | D:8      | Found an opulent altar of Gozag.
  9402 | D:8      | Reached skill level 10 in Transmutations
  9602 | D:9      | Noticed Psyche
  9607 | D:9      | Killed Psyche
 10384 | D:10     | Entered Level 10 of the Dungeon
 10617 | D:10     | Noticed a two-headed ogre
 10627 | D:10     | Killed a two-headed ogre
 10628 | D:10     | Reached skill level 8 in Unarmed Combat
 10628 | D:10     | Reached skill level 4 in Invocations
 10628 | D:10     | Reached XP level 11. HP: 67/77 MP: 17/21
 10705 | D:10     | Found a hazy altar of Hepliaklqana.
 10737 | D:10     | Reached skill level 7 in Spellcasting
 10748 | D:10     | HP: 19/92 [wraith (11)]
 10750 | D:10     | Reached ***** piety under Cheibriados
 10983 | D:10     | HP: 18/92 [orc/+1 dagger of electrocution (16)]
 10985 | D:10     | Slain by an orc

Vanquished Creatures
  A two-headed ogre (D:10)
  Psyche (D:9)
  2 trolls
  2 polar bears (D:8)
  Grinder (D:3)
  A wyvern (D:5)
  2 wraiths
  15 yaks
  A steam dragon (D:8)
  A water moccasin (D:6)
  7 orc warriors
  A sky beast (D:6)
  An ice beast (D:8)
  2 ogres
  A wolf (D:8)
  3 centaurs
  2 phantoms
  A kobold brigand (D:7)
  Blork the orc (D:6)
  A bullfrog (D:9)
  2 scorpions
  3 necrophages
  13 wights
  3 killer bees
  An electric eel (D:8)
  2 howler monkeys (D:9)
  7 hounds
  A gnoll bouda (D:8)
  6 orc priests
  Crazy Yiuf (D:2)
  Jessica (D:3)
  An iguana (D:4)
  11 orc wizards
  11 gnolls
  10 adders
  A shadow imp (D:7)
  5 white imps
  2 howler monkey simulacra (D:8)
  2 ufetubi
  2 worms
  4 dart slugs
  45 orcs
  10 endoplasms
  2 giant cockroaches
  6 goblins
  2 hobgoblins
  7 kobolds
  2 quokkas
  9 ball pythons
  5 bats
  3 frilled lizards
  5 rats
232 creatures vanquished.

Vanquished Creatures (others)
  An orc (D:8)
  A bush (D:8)
2 creatures vanquished.

Grand Total: 234 creatures vanquished

Table legend:
 A = Non-vault XP
 B = Vault XP
 C = Vault XP percentage of total XP
 D = Non-vault monster count
 E = Vault monster count
 F = Vault count percentage of total count
                 A         B        C        D         E       F
            +---------+---------+-------+---------+---------+-------
      Total |    9089 |    3440 |  27.5 |     184 |      48 |  20.7
            +---------+---------+-------+---------+---------+-------
        D:1 |      26 |       0 |   0.0 |      16 |       0 |   0.0
        D:2 |      71 |      40 |  36.0 |      11 |       1 |   8.3
        D:3 |      77 |     322 |  80.7 |      20 |       4 |  16.7
        D:4 |     624 |      93 |  13.0 |      29 |       3 |   9.4
        D:5 |     736 |       0 |   0.0 |      17 |       0 |   0.0
        D:6 |     669 |     300 |  31.0 |      17 |       3 |  15.0
        D:7 |     731 |     415 |  36.2 |      17 |       2 |  10.5
        D:8 |    2567 |    1899 |  42.5 |      34 |      34 |  50.0
        D:9 |    1007 |     371 |  26.9 |      10 |       1 |   9.1
       D:10 |    2581 |       0 |   0.0 |      13 |       0 |   0.0
            +---------+---------+-------+---------+---------+-------

Illustrated notes

Table legend:
 A = Kills in this place as a percentage of kills in entire the game.
 B = Kills by you in this place as a percentage of kills by you in the entire game.
 C = Kills by friends in this place as a percentage of kills by friends in the entire game.
 D = Other kills in this place as a percentage of other kills in the entire game.
 E = Experience gained in this place as a percentage of experience gained in the entire game.
 F = Experience gained in this place divided by the number of levels of this place that you have seen.
                   A       B       C       D       E      F
               +-------+-------+-------+-------+-------+----------------------
         Total | 100.0 | 100.0 |   N/A |   N/A | 100.0 | 1139.0
       Dungeon | 100.0 | 100.0 |   N/A |   N/A | 100.0 | 1252.9
               +-------+-------+-------+-------+-------+----------------------

Table legend: (Time is in decaauts)
 A = Elapsed time spent in this place.
 B = Non-inter-level travel time spent in this place.
 C = Inter-level travel time spent in this place.
 D = Time resting spent in this place.
 E = Time spent auto-exploring this place.
 F = Levels seen in this place.
 G = Mean time per level.
                   A        B        C        D        E       F      G
               +--------+--------+--------+--------+--------+-----+--------+
         Total |  12227 |  11958 |    269 |    460 |   9747 |  11 | 1111.5 |
       Dungeon |  12137 |  11882 |    255 |    460 |   9705 |  10 | 1213.7 |
        Temple |     90 |     76 |     14 |      0 |     42 |   1 |   90.0 |
               +--------+--------+--------+--------+--------+-----+--------+

Top non-repeatable levels by time:
     D:4: 1859 daAuts
     D:8: 1748 daAuts
     D:7: 1443 daAuts
     D:2: 1267 daAuts
     D:9: 1159 daAuts
     D:3: 1136 daAuts
     D:6: 1004 daAuts
     D:5: 946 daAuts
     D:1: 859 daAuts
    D:10: 711 daAuts
  Temple: 90 daAuts
